 Dungeon Crawl Stone Soup version 0.25.0-9-g26727b657a (webtiles) character file.

Game seed: 5024175781520963958

53 xccam the Chopper (level 4, -2/35 HPs)
             Began as a Formicid Fighter on June 18, 2020.
             Killed by nerve-wracking pain
             ... invoked by Jessica
              (14 damage)
             ... on level 2 of the Dungeon.
             The game lasted 00:01:01 (1019 turns).

xccam the Chopper (Formicid Fighter)                Turns: 1019, Time: 00:01:02

Health: -2/35      AC:  6    Str: 21    XL:     4   Next: 10%
Magic:  4/4        EV:  7    Int:  8    God:
Gold:   27         SH:  9    Dex: 10    Spells: 3/3 levels left

rFire    . . .     SeeInvis +   a - +0 war axe
rCold    . . .     Gourm    .   c - +0 kite shield
rNeg     . . .     Faith    .   b - +0 scale mail
rPois    .         Spirit   .   (helmet unavailable)
rElec    .         Reflect  .   (no cloak)
rCorr    .         Harm     .   (no gloves)
MR       .....                  (no boots)
Stlth    ..........             (no amulet)
HPRegen  0.11/turn              (no ring)
MPRegen  0.09/turn              (no ring)

@: no status effects
A: permanent stasis, dig shafts and tunnels, four strong arms, antennae 3
a: Dig, Shaft Self


You were on level 2 of the Dungeon.
You were not hungry.

You visited 1 branch of the dungeon, and saw 2 of its levels.

You collected 27 gold pieces.

Inventory:

Hand Weapons
 a - a +0 war axe (weapon)
Armour
 b - a +0 scale mail (worn)
 c - a +0 kite shield (worn)
Scrolls
 i - a scroll of enchant armour {unknown}
 j - a scroll of enchant weapon {unknown}
 k - a scroll of identify {unknown}
 l - a scroll of noise {unknown}
Potions
 d - a potion of might
 e - a potion of curing
 h - 2 potions of haste {unknown}
Comestibles
 f - 2 rations
 g - 5 chunks of flesh


   Skills:
 - Level 3.2 Fighting
 + Level 4.1 Axes
 - Level 3.2 Armour
 - Level 3.6 Shields


You had 3 spell levels left.
You didn't know any spells.
Your spell library was empty.

Dungeon Overview and Level Annotations

Branches:
Dungeon (2/15)

Altars:

Annotations:
D:2 Jessica


Innate Abilities, Weirdness & Mutations

You cannot be hasted, slowed, berserked, paralysed or teleported.
You can dig through walls and to a lower floor.
Your four strong arms can wield two-handed weapons with a shield.
You have a pair of large antennae on your head. (SInv)


Message History

You barely miss Jessica.
You feel sick. Jessica hits you with a +0 dagger. You block the adder's attack.
Jessica hits you but does no damage.
You slash the adder!
You kill the adder!
Your Axes skill increases to level 4!
You have reached level 4!
You feel clever.
You barely miss Jessica.
You feel sick. You block the bat's attack. You block Jessica's attack.
Jessica closely misses you.
You closely miss Jessica. You closely miss the bat.
You feel sick. You block the bat's attack.
Jessica gestures wildly while chanting.
Jessica blinks!
Jessica casts a spell at you. Pain shoots through your body!
* * * LOW HITPOINT WARNING * * *
It was a potion of curing.
You feel better. Jessica closely misses you.
Jessica points at you and mumbles some strange words.
Pain shoots through your body!
You die...

# #. #.# #.. #.. #..# #.##
#...###.#######
#..#.#........# ### ..#
...........##.# #.. ...
#.......##@##.###.# ..#
#.......b@.....##.# ..#
#.......##.##..##.## ...
#.......##.##<.#.÷.####..#
####.##......(....)..<...#
#.. ##########.÷.###....
#. ..............## #
#######.........
##########


You could see Jessica (fast) and a bat.

Vanquished Creatures
  An adder (D:2)
  2 dart slugs (D:1)
  A leopard gecko (D:1)
  5 giant cockroaches
  4 goblins (D:1)
  2 hobgoblins (D:1)
  8 jackals
  2 bats (D:1)
  A frilled lizard (D:1)
  4 kobolds
  5 rats
35 creatures vanquished.

Notes
Turn   | Place    | Note
-------+----------+-------------------------------------------
     0 | D:1      | xccam the Formicid Fighter began the quest for the Orb.
     0 | D:1      | Reached XP level 1. HP: 18/18 MP: 1/1
   107 | D:1      | Reached XP level 2. HP: 24/24 MP: 2/2
   207 | D:1      | Reached skill level 3 in Axes
   369 | D:1      | Reached XP level 3. HP: 29/29 MP: 3/3
  1003 | D:2      | Noticed Jessica
  1017 | D:2      | Reached skill level 4 in Axes
  1017 | D:2      | Reached XP level 4. HP: 21/35 MP: 4/4
  1019 | D:2      | Killed from afar by Jessica

Illustrated notes

Levels and vault maps discovered:
D:1:      dpeg_arrival_subterranean_lakeside_camping, layout_basic
D:2:      layout_loops_ring, uniq_robin, uniq_jessica

Skill      XL: |  1  2  3 |
---------------+----------+-----
Axes           | 3 4 |  4.1
Fighting       | |  3.2
Armour         | |  3.2
Shields        | |  3.6

Action                   |  1- 3 |  4- 6 || total
-------------------------+-------+-------++-------
Melee: War axe           |   106 |     1 ||   107
  Use: Potion            |       |     1 ||     1
  Eat: Chunk             |     1 |       ||     1
Armor: Scale mail        |    74 |       ||    74
Dodge: Dodged            |    42 |     2 ||    44
Block: Kite shield       |    76 |     3 ||    79
